 Dungeon Crawl Stone Soup version 0.19-a0-1341-g3513869 (webtiles) character file.

1698 st0uf the Skirmisher (level 8, -4/71 HPs)
             Began as a Minotaur Fighter on Sept 1, 2016.
             Was a Follower of Uskayaw.
             Slain by a white ugly thing (24 damage)
             ... on level 7 of the Dungeon.
             The game lasted 00:24:48 (5367 turns).

st0uf the Skirmisher (Minotaur Fighter)             Turns: 5367, Time: 00:24:49

Health: -4/71      AC: 10    Str: 23    XL:     8   Next: 72%
Magic:  5/8        EV: 14    Int:  5    God:    Uskayaw [*.....]
Gold:   383        SH: 10    Dex: 10    Spells: 0 memorised, 7 levels left

rFire  . . .     SeeInvis +     a - +1 war axe
rCold  . . .     Gourm    .     b - +0 scale mail
rNeg   . . .     Faith    .     c - +0 shield
rPois  .         Spirit   .     (helmet restricted)
rElec  .         Dismiss  .     l - +1 cloak
rCorr  .         Reflect  .     (no gloves)
MR     .....     Harm     .     (no boots)
Stlth  ..........               (no amulet)
                                j - +4 ring of evasion
                                e - ring of see invisible

@: lethally poisoned (-4 -> -19)
A: retaliatory headbutt, horns 2
a: Stomp, Renounce Religion


You were on level 7 of the Dungeon.
You worshipped Uskayaw.
Uskayaw was noncommittal.
You were near starving.

You visited 2 branches of the dungeon, and saw 8 of its levels.
You also visited: Sewer.

You collected 383 gold pieces.

Inventory:

Hand Weapons
 a - a +1 war axe (weapon)
 y - the +8 great mace "Duxt" {drain, +Blink rPois Dex+3, unknown}
   (You found it on level 5 of the Dungeon)

   A truly terrible weapon, it drains the life of those it strikes.
   It affects your dexterity (+3).
   It protects you from poison.
   It lets you blink.
Armour
 b - a +0 scale mail (worn)
 c - a +0 shield (worn)
 l - a +1 cloak (worn)
 G - a troll hide {Purgy}
Jewellery
 e - a ring of see invisible (left hand)
 j - a +4 ring of evasion (right hand)
 u - an uncursed ring of ice
 I - an uncursed amulet of magic regeneration
Wands
 C - a wand of polymorph (19/24)
 K - a wand of lightning (3/15)
Scrolls
 h - 5 scrolls of enchant weapon
 i - 3 scrolls of teleportation
 k - 4 scrolls of blinking
 n - a scroll of noise {unknown}
 q - 2 scrolls of enchant armour {unknown}
 s - 4 scrolls of magic mapping {unknown}
 t - 4 scrolls of identify
 v - 4 scrolls of remove curse {unknown}
 w - 3 scrolls of random uselessness {unknown}
 x - a scroll of recharging {unknown}
 E - a scroll of amnesia {unknown}
 F - a scroll of fog {unknown}
 H - a scroll of fear {unknown}
Potions
 d - 2 potions of might
 g - 2 potions of flight
 m - 3 potions of curing {unknown}
 p - 3 potions of agility {unknown}
 A - a potion of magic {unknown}
 B - 6 potions of heal wounds {unknown}
 J - a potion of brilliance {unknown}
Books
 D - a Necronomicon

   Spells                             Type                      Level
   a - Haunt                          Necromancy/Summoning         7
   b - Borgnjor's Revivification      Necromancy                   8
   c - Death's Door                   Charms/Necromancy            8
   d - Infestation                    Necromancy                   8
   e - Necromutation                  Transmutation/Necromancy     8
Comestibles
 f - 5 bread rations
 o - a meat ration
 r - 10 fruits
 z - a beef jerky


   Skills:
 + Level 6.9 Fighting
 + Level 5.9 Axes
 + Level 6.7 Armour
 + Level 5.2 Dodging
 + Level 6.9 Shields
 + Level 2.4 Invocations


You had 7 spell levels left.
You didn't know any spells.

Dungeon Overview and Level Annotations

Branches:
Dungeon (7/15)             Temple (1/1) D:5

Altars:
Ashenzari
Cheibriados
Dithmenos
Elyvilon
Fedhas
Gozag
Kikubaaqudgha
Nemelex Xobeh
Okawaru
Qazlal
Ru
Sif Muna
Trog
Uskayaw
Vehumet
Xom
Yredelemnul
Zin
The Shining One

Shops:
D:7 %


Innate Abilities, Weirdness & Mutations

You reflexively headbutt those who attack you in melee.
You have a pair of horns on your head.


Message History

The water moccasin bites you.
You are more poisoned.
The water moccasin poisons you! The white ugly thing misses you.
You closely miss the water moccasin.
The water moccasin is heavily wounded.
You slash the white ugly thing!
You feel sick. The water moccasin barely misses you.
The white ugly thing claws you. The white ugly thing freezes you!!
The water moccasin completely misses you.
Unknown command.
You stomp with the beat, sending a shockwave through the revelers around you!
The white ugly thing is severely wounded.
The water moccasin is severely wounded.
You are near starving!
You can no longer pass through a line of other dancers.
You feel sick. You block the water moccasin's attack.
The white ugly thing claws you!
* * * LOW HITPOINT WARNING * * *
The white ugly thing freezes you!!
You die...

.........''...
.............
......(........
........#.......
#.... ........
#..... #.....
#.....##.Su#
#.....)...@#
#....##....##
#......)###.##
##......).###.#
#..........####.
#..............♣
#..........####
#...##....###.#.#
#........###.# .#


You could see a white ugly thing and a water moccasin.

Vanquished Creatures
  The ghost of Ruebezahl the Skirmisher, a novice GrCK of Xom (D:4)
  Sigmund (D:4)
  A hungry ghost (D:7)
  Purgy (Sewer)
  An orc warrior (D:7)
  A phantom (D:6)
  An ogre (D:4)
  A giant frog (D:6)
  2 crimson imps (D:5)
  4 hounds
  2 orc priests
  A giant frog skeleton (D:4)
  An orc wizard (D:6)
  3 iguanas
  Robin (D:2)
  8 gnolls
  9 adders
  3 river rats (D:6)
  A shadow imp (D:6)
  An ooze (D:3)
  4 adder skeletons
  3 worms
  2 dart slugs (D:2)
  6 giant geckos
  14 orcs
  7 bats
  5 giant cockroaches
  12 goblins
  9 hobgoblins
  14 jackals
  9 kobolds
  4 quokkas
  A ball python (D:4)
  9 giant newts
  A jackal zombie (D:6)
  A quokka zombie (D:6)
  9 rats
154 creatures vanquished.

Notes
Turn   | Place    | Note
-------+----------+-------------------------------------------
     0 | D:1      | st0uf the Minotaur Fighter began the quest for the Orb.
     0 | D:1      | Reached XP level 1. HP: 19/19 MP: 0/0
   149 | D:1      | Reached XP level 2. HP: 27/27 MP: 1/1
   373 | D:1      | Reached skill level 1 in Dodging
   452 | D:1      | Reached XP level 3. HP: 33/33 MP: 2/2
   751 | D:2      | Noticed Robin
   764 | D:2      | Killed Robin
   880 | D:2      | Reached XP level 4. HP: 40/40 MP: 3/3
  1174 | D:2      | Found a sacrificial altar of Ru.
  1435 | D:2      | Reached XP level 5. HP: 47/47 MP: 4/4
  1651 | D:3      | Found a sparkling altar of Nemelex Xobeh.
  1719 | D:3      | Found a shadowy altar of Dithmenos.
  1904 | D:3      | Found a shimmering altar of Xom.
  1906 | D:3      | Found a radiant altar of Vehumet.
  2028 | D:3      | Found a stormy altar of Qazlal.
  2552 | D:4      | Reached skill level 5 in Shields
  2552 | D:4      | Reached XP level 6. HP: 30/55 MP: 5/5
  2657 | D:4      | Noticed Sigmund
  2702 | D:4      | Killed Sigmund
  2702 | D:4      | Reached skill level 5 in Fighting
  2702 | D:4      | Reached skill level 5 in Armour
  2849 | D:4      | Found an iron altar of Okawaru.
  2850 | D:4      | Noticed Ruebezahl's ghost (novice GrCK)
  3050 | D:4      | Reached XP level 7. HP: 61/61 MP: 6/6
  3374 | D:4      | Killed Ruebezahl's ghost
  3374 | D:4      | Reached skill level 5 in Axes
  3525 | D:5      | Entered Level 5 of the Dungeon
  3600 | D:5      | Got a crystal great mace
  3641 | D:5      | Found a shattered altar of Ashenzari.
  3656 | D:5      | Found a staircase to the Ecumenical Temple.
  3665 | Temple   | Entered the Ecumenical Temple
  3727 | Temple   | Became a worshipper of Uskayaw the Reveler
  3841 | D:5      | Reached * piety under Uskayaw
  3873 | D:5      | Found a snail-covered altar of Cheibriados.
  4211 | D:6      | Reached ** piety under Uskayaw
  4214 | D:6      | Reached XP level 8. HP: 13/70 MP: 7/7
  4540 | D:6      | Reached skill level 1 in Invocations
  4738 | D:6      | Found a glowing drain.
  4748 | D:6      | Reached *** piety under Uskayaw
  4763 | Sewer    | Entered a sewer
  4847 | Sewer    | Noticed Purgy
  4858 | Sewer    | Killed Purgy
  4858 | Sewer    | Reached skill level 5 in Dodging
  5179 | D:6      | Found a white marble altar of Elyvilon.
  5298 | D:7      | Found Weng's Food Emporium.
  5330 | D:7      | Noticed a hill giant
  5356 | D:7      | Noticed a white ugly thing
  5367 | D:7      | Slain by a white ugly thing

Vault maps used:
D:1:      minmay_arrival_five_plusses, minivault_19,
          corexii_item_surrounded_by_moat, minmay_pentomino_q2
D:2:      first_bread, nicolae_ru_sacrificial_ziggurat, uniq_robin
D:3:      nicolae_overflow_crystal_walls, old_standard_altar,
          nicolae_overflow_hidden_temple
D:4:      okawaru_gym_becter, uniq_sigmund
D:5:      kennysheep_mini_moat, kennysheep_mini
D:6:      portal_sewer_entry_b, elyvilon_altar_4
D:7:      serial_shops, shop, kb_rosetta
Temple:   nicolae_temple_figure_zero
Sewer:    sewer_co_purgy_island

Skill      XL: |  1  2  3  4  5  6  7  8 |
---------------+-------------------------+-----
Dodging        | 1 2 3 4 5 |  5.2
Shields        | 4 5 6 |  6.9
Fighting       | 4 5 6 |  6.9
Axes           | 3 4 5 |  5.9
Armour         | 4 5 6 |  6.7
Invocations    | 2 |  2.4

Action                   |  1- 3 |  4- 6 |  7- 9 || total
-------------------------+-------+-------+-------++-------
Melee: War axe           |    94 |   159 |   198 ||   451
       Headbutt          |     9 |    37 |    37 ||    83
Invok: Stomp             |       |       |     1 ||     1
  Use: Scroll            |       |       |     4 ||     4
       Potion            |       |       |     1 ||     1
 Stab: Paralysed         |       |       |     1 ||     1
  Eat: Chunk             |       |     7 |     8 ||    15
       Fruit             |       |       |     1 ||     1
Armor: Scale mail        |    34 |    39 |    51 ||   124
Dodge: Dodged            |    49 |    74 |    96 ||   219
Block: Shield            |    40 |    86 |   113 ||   239
